[Event "ICC tourney 2532 (25 5)"]
[Site "Internet Chess Club"]
[Date "2021.04.24"]
[Round "2"]
[White "CYRIL DAVIS, GEOFFREY:K12-14879788"]
[Black "GINZBURG, LIORA:K12-16587703"]
[Result "0-1"]
[ICCResult "White checkmated"]
[WhiteElo "2082"]
[BlackElo "1523"]
[Opening "KGA: Abbazia defense, modern variation"]
[ECO "C31"]
[NIC "KG.04"]
[Time "13:12:15"]
[PlyCount "104"]
[TimeControl "1500+5"]

1. e4 e5 2. f4 d5 3. exd5 exf4 4. Nf3 Nf6 5. c4 Bd6 6. d4 c5 7. Be2 O-O 8.
O-O Re8 9. Nc3 Ng4 10. Ne5 cxd4 11. Nxg4 dxc3 12. bxc3 Qe7 13. Bf3 Bf5 14.
Kh1 Nd7 15. Qd4 h5 16. Nf2 Be5 17. Qd2 Qf6 18. Nd1 Bg4 19. Rb1 Nc5 20. h3
Bxf3 21. Rxf3 Ne4 22. Qc2 Ng3+ 23. Kh2 b6 24. Nf2 g5 25. Bd2 g4 26. Rd3 Qh4
27. Re1 Nf5 28. Kg1 f3 29. Rxf3 gxf3 30. Qxf5 Bg3 31. Qxf3 Bxf2+ 32. Qxf2
Rxe1+ 33. Bxe1 Qxf2+ 34. Bxf2 Rc8 35. Bh4 Kf8 36. Kf2 Rxc4 37. Bf6 Rf4+ 38.
Ke3 Rxf6 39. Kd4 Ke8 40. g4 hxg4 41. hxg4 Rf4+ 42. Ke5 Rxg4 43. Kd6 f6 44.
Kc7 f5 45. a3 f4 46. d6 Rg7+ 47. Kc8 f3 48. c4 f2 49. c5 bxc5 50. a4 f1=Q
51. a5 Qa6+ 52. Kb8 Qb7# { White checkmated } 0-1

[Event "ICC tourney 2532 (25 5)"]
[Site "Internet Chess Club"]
[Date "2021.04.24"]
[Round "2"]
[White "TSYGANOVA, MARGARITA:K12-15922341"]
[Black "GUNDAM, ROHIT:K12-14908373"]
[Result "0-1"]
[ICCResult "White resigns"]
[WhiteElo "1616"]
[BlackElo "2190"]
[Opening "French: Tarrasch, open, 4.ed ed"]
[ECO "C08"]
[NIC "FR.20"]
[Time "13:12:02"]
[PlyCount "86"]
[TimeControl "1500+5"]

1. e4 e6 2. d4 d5 3. Nd2 c5 4. exd5 exd5 5. Ndf3 Nf6 6. Bd3 c4 7. Be2 Bd6
8. Ne5 Nc6 9. f4 Bf5 10. c3 O-O 11. Ngf3 Nd7 12. O-O f6 13. Nxd7 Qxd7 14.
Nh4 Be4 15. Bg4 f5 16. Be2 b5 17. Nf3 b4 18. Ne5 Nxe5 19. fxe5 Be7 20. Be3
Rab8 21. Bf3 bxc3 22. bxc3 Rb2 23. Rf2 Rfb8 24. Bxe4 fxe4 25. Rxb2 Rxb2 26.
Rb1 Qb5 27. Rxb2 Qxb2 28. Qd2 Qb1+ 29. Kf2 Bh4+ 30. g3 Be7 31. Kg2 Qd3 32.
Qf2 Qxc3 33. e6 Bf6 34. Bg5 Qf3+ 35. Qxf3 exf3+ 36. Kxf3 Bxg5 37. h4 Be7
38. Ke2 g6 39. Kd2 Kg7 40. Kc3 Kf6 41. a4 Kxe6 42. Kc2 Kf5 43. Kc3 Kg4 {
White resigns } 0-1

[Event "ICC tourney 2532 (25 5)"]
[Site "Internet Chess Club"]
[Date "2021.04.24"]
[Round "2"]
[White "BONAM, SAIGAUTAM:K12-14765995"]
[Black "BYUNGHYUN KIM, BRIAN:K12-17019768"]
[Result "1/2-1/2"]
[ICCResult "Game drawn by repetition"]
[WhiteElo "2193"]
[BlackElo "1691"]
[Opening "Caro-Kann: Tartakower (Nimzovich) variation"]
[ECO "B15"]
[NIC "CK.06"]
[Time "13:12:02"]
[PlyCount "116"]
[TimeControl "1500+5"]

1. e4 c6 2. d4 d5 3. Nc3 dxe4 4. Nxe4 Nf6 5. Nxf6+ exf6 6. c3 Bd6 7. Bd3
Qe7+ 8. Ne2 O-O 9. O-O Bg4 10. Qc2 h5 11. Ng3 h4 12. Nf5 Bxf5 13. Bxf5 Qc7
14. f4 g6 15. Bd3 f5 16. Qf2 Be7 17. Re1 Re8 18. g4 hxg3 19. Qxg3 Nd7 20.
Bxf5 Nf6 21. Bd3 Bd6 22. Rf1 Qd7 23. Be3 Qg4 24. Rae1 Qxg3+ 25. hxg3 Ng4
26. Bd2 Kf8 27. Kg2 Rxe1 28. Rxe1 Re8 29. Rxe8+ Kxe8 30. Be2 Nf6 31. Bf3
Ke7 32. g4 Nd5 33. Bxd5 cxd5 34. Kf3 f5 35. Be1 Ke6 36. Bh4 b5 37. Bd8 Kd7
38. Bf6 a6 39. Be5 Be7 40. g5 Kc6 41. Ke2 a5 42. Kd3 a4 43. b3 axb3 44.
axb3 Bf8 45. c4 Bb4 46. Bb8 Ba5 47. Be5 Bb4 48. cxb5+ Kxb5 49. Kc2 Kc6 50.
Kd3 Kb5 51. Bb8 Ka6 52. Be5 Kb7 53. Bf6 Kc6 54. Be5 Kb7 55. Bf6 Kc6 56. Be5
Kb7 57. Kc2 Kc6 58. Kd3 Kb7 { Game drawn by repetition } 1/2-1/2

[Event "ICC tourney 2532 (25 5)"]
[Site "Internet Chess Club"]
[Date "2021.04.24"]
[Round "2"]
[White "ALBION ZHANG, NATHANIEL:K12-14885012"]
[Black "MICHAEL RODRIGUEZ, BRADLEY:K12-14653376"]
[Result "1-0"]
[ICCResult "Black checkmated"]
[WhiteElo "2150"]
[BlackElo "1609"]
[Opening "English opening: Agincourt variation"]
[ECO "A13"]
[NIC "EO.64"]
[Time "13:11:40"]
[PlyCount "87"]
[TimeControl "1500+5"]

1. c4 e6 2. Nf3 d5 3. e3 Nf6 4. b3 Be7 5. Bb2 O-O 6. Nc3 c5 7. cxd5 Nxd5 8.
Nxd5 exd5 9. d4 b6 10. Rc1 Bg4 11. Be2 Qd6 12. O-O Nd7 13. Qd3 Nf6 14. Rfd1
Rfd8 15. Ne5 Bxe2 16. Qxe2 Rac8 17. Ba3 Nd7 18. Nd3 Qc7 19. dxc5 bxc5 20.
Nf4 Nf6 21. Bb2 Qb7 22. Bxf6 Bxf6 23. Qf3 Qa6 24. Nxd5 Qxa2 25. Qg4 Qa6 26.
h3 Qc6 27. Qc4 h6 28. b4 Kf8 29. bxc5 Be7 30. Qe4 Qe6 31. Qh7 f6 32. Nf4
Rxd1+ 33. Rxd1 Qg8 34. Qf5 Rxc5 35. Ne6+ Kf7 36. Nxc5 Bxc5 37. Qxc5 Qb8 38.
Qd5+ Kg6 39. Qe4+ Kf7 40. Qh7 Qc7 41. Qf5 Qb8 42. Rd7+ Kf8 43. Qg6 Qe8 44.
Qxg7# { Black checkmated } 1-0

[Event "ICC tourney 2532 (25 5)"]
[Site "Internet Chess Club"]
[Date "2021.04.24"]
[Round "2"]
[White "S LALWANI, JAY:K12-14566972"]
[Black "KUSHALNAGAR, NIRUPAM:K12-17349316"]
[Result "1-0"]
[ICCResult "Black forfeits on time"]
[WhiteElo "1903"]
[BlackElo "1328"]
[Opening "Sicilian: Labourdonnais-Löwenthal (Kalashnikov) variation"]
[ECO "B32"]
[NIC "SI.32"]
[Time "13:11:23"]
[PlyCount "83"]
[TimeControl "1500+5"]

1. e4 c5 2. Nf3 Nc6 3. d4 cxd4 4. Nxd4 e5 5. Nb5 d6 6. N1c3 a6 7. Na3 b5 8.
Nd5 Be7 9. Be3 Rb8 10. Qd2 Nf6 11. f3 O-O 12. Rd1 Nxd5 13. exd5 Na5 14. b4
Nb7 15. Bd3 f5 16. O-O f4 17. Bf2 Bh4 18. Bxh4 Qxh4 19. Qf2 Qxf2+ 20. Rxf2
Nd8 21. Rb1 Bb7 22. c4 Nf7 23. cxb5 axb5 24. Nxb5 Rfc8 25. Rd2 Ra8 26. Be2
Rd8 27. Bd1 Ng5 28. Bc2 Kf8 29. a4 e4 30. fxe4 f3 31. Rf1 Ke7 32. gxf3 Rf8
33. Kg2 Ba6 34. Bd3 Nf7 35. f4 Nh6 36. h3 Bb7 37. Ra2 Nf7 38. a5 Ba6 39.
Rf3 Rab8 40. Nc7 Bxd3 41. Rxd3 Rxb4 42. a6 { Black forfeits on time } 1-0

[Event "ICC tourney 2532 (25 5)"]
[Site "Internet Chess Club"]
[Date "2021.04.24"]
[Round "2"]
[White "ORUGANTI, SURAJ:K12-15521792"]
[Black "WANG, JUSTIN:K12-14930904"]
[Result "1-0"]
[ICCResult "Black resigns"]
[WhiteElo "1771"]
[BlackElo "2540"]
[Opening "Giuoco Pianissimo"]
[ECO "C55"]
[NIC "IG.01"]
[Time "13:12:22"]
[PlyCount "133"]
[TimeControl "1500+5"]

1. e4 e5 2. Nf3 Nc6 3. Bc4 Nf6 4. d3 Bc5 5. O-O d6 6. h3 h6 7. c3 O-O 8. b4
Bb6 9. Nbd2 a5 10. b5 Ne7 11. a4 c6 12. d4 Ng6 13. dxe5 dxe5 14. bxc6 bxc6
15. Ba3 Re8 16. Qb3 Be6 17. Bxe6 Rxe6 18. Nc4 Bc7 19. Rfd1 Qc8 20. Re1 Nf4
21. Rad1 Nh7 22. Ne3 g6 23. c4 Rb8 24. Qc3 Ng5 25. Nxg5 hxg5 26. g3 Nxh3+
27. Kg2 Rf6 28. f3 Kg7 29. Be7 Re6 30. Ba3 Rf6 31. Be7 Re6 32. Bc5 Nf4+ 33.
gxf4 gxf4 34. Ng4 Qe8 35. Rh1 f5 36. Nh6 Rf6 37. Kf2 fxe4 38. fxe4 Qe6 39.
Rdg1 Bb6 40. Bxb6 Rxb6 41. Ng4 Rb4 42. Qh3 Rb2+ 43. Ke1 Qg8 44. Qh6+ Kf7
45. Nxf6 Kxf6 46. Qg5+ Kf7 47. Qxe5 Qg7 48. Qxf4+ Ke6 49. Rxg6+ Qxg6 50.
Rh6 Qxh6 51. Qxh6+ Kf7 52. Qh7+ Ke6 53. Qf5+ Ke7 54. Qxa5 Rb7 55. Qc5+ Kd7
56. a5 Rb1+ 57. Ke2 Rb2+ 58. Kd3 Ra2 59. Qb4 Ke6 60. c5 Rh2 61. a6 Rh3+ 62.
Ke2 Rh7 63. Qb6 Ke5 64. a7 Kf4 65. Qb8+ Kxe4 66. a8=Q Kd5 67. Qg8+ { Black
resigns } 1-0

[Event "ICC tourney 2532 (25 5)"]
[Site "Internet Chess Club"]
[Date "2021.04.24"]
[Round "2"]
[White "CHENG, ERIC:K12-16921202"]
[Black "HAUPTMAN, JACK:K12-15575055"]
[Result "0-1"]
[ICCResult "White resigns"]
[WhiteElo "1361"]
[BlackElo "1916"]
[Opening "Alekhine's defense"]
[ECO "B03"]
[NIC "AL.09"]
[Time "13:12:42"]
[PlyCount "168"]
[TimeControl "1500+5"]

1. e4 Nf6 2. e5 Nd5 3. d4 d6 4. exd6 exd6 5. Nf3 Be7 6. Bc4 Nb6 7. Bb3 O-O
8. O-O Bg4 9. h3 Bh5 10. Re1 c6 11. Qe2 Re8 12. Bg5 Bxf3 13. Bxe7 Bxe2 14.
Bxd8 Rxd8 15. Rxe2 N8d7 16. Re7 d5 17. Nc3 Nc8 18. Re3 Nd6 19. g4 Nf6 20.
Rae1 h6 21. Re7 Re8 22. Rxe8+ Rxe8 23. Rxe8+ Nfxe8 24. Kg2 g5 25. Kg3 f5
26. f4 Nf6 27. fxg5 hxg5 28. Kf3 f4 29. h4 gxh4 30. Kxf4 h3 31. Kg3 Nxg4
32. Kxh3 Ne3 33. Ne2 Ne4 34. c3 Kg7 35. a4 b6 36. a5 Nd2 37. axb6 axb6 38.
Ba2 Kg6 39. Kg3 Nd1 40. Kf4 Kf6 41. b3 Ne4 42. c4 Nec3 43. cxd5 Nxe2+ 44.
Kf3 Nxd4+ 45. Ke4 c5 46. Kd3 Ke5 47. b4 cxb4 48. d6 Kxd6 49. Kxd4 b5 50.
Bb3 Nb2 51. Ke3 Kc5 52. Kd2 Kd4 53. Kc2 Nc4 54. Ba2 Na5 55. Kb2 Nc6 56. Be6
Ne5 57. Bf5 Nc4+ 58. Kb3 Kc5 59. Bd7 Nd2+ 60. Kc2 Ne4 61. Kb3 Nd2+ 62. Kc2
Nc4 63. Kb3 Na5+ 64. Kb2 Kc4 65. Be6+ Kd3 66. Bd7 Kc4 67. Be6+ Kc5 68. Bd7
b3 69. Ka3 Kc4 70. Kb2 Kb4 71. Be6 Nc4+ 72. Kb1 Ka3 73. Bf5 b4 74. Bd3 Nd2+
75. Kc1 Nf3 76. Kb1 b2 77. Kc2 Ne1+ 78. Kd2 Nxd3 79. Kxd3 Ka2 80. Ke4 b1=Q+
81. Kd5 Qc1 82. Ke6 b3 83. Kd6 b2 84. Ke6 b1=N { White resigns } 0-1

[Event "ICC tourney 2532 (25 5)"]
[Site "Internet Chess Club"]
[Date "2021.04.24"]
[Round "2"]
[White "MATTA, KISNA:K12-14874247"]
[Black "AMRAM, ARON:K12-14805835"]
[Result "0-1"]
[ICCResult "White checkmated"]
[WhiteElo "1843"]
[BlackElo "1093"]
[Opening "Catalan opening"]
[ECO "E00"]
[NIC "CA.01"]
[Time "13:11:36"]
[PlyCount "152"]
[TimeControl "1500+5"]

1. d4 Nf6 2. c4 e6 3. g3 c5 4. d5 exd5 5. cxd5 d6 6. Nc3 Be7 7. Bg2 O-O 8.
Nf3 Bg4 9. O-O Nbd7 10. Bf4 Nb6 11. a4 a5 12. h3 Bh5 13. Re1 h6 14. e4 Nfd7
15. Nb5 Nc4 16. g4 Bg6 17. Qb3 Nde5 18. Bxe5 Nxe5 19. Nxe5 dxe5 20. d6 Bh4
21. Rad1 Qb6 22. Qd5 Rad8 23. Re2 Kh8 24. Qxe5 Rfe8 25. Qd5 f6 26. e5 fxe5
27. Qxb7 Qxb7 28. Bxb7 Re6 29. d7 c4 30. Be4 Bxe4 31. Rxe4 Re7 32. Rxc4
Rexd7 33. Rxd7 Rxd7 34. Rc2 Kg8 35. Kg2 Kf7 36. Re2 Ke6 37. f4 Bf6 38. Nc3
g5 39. f5+ Kf7 40. Kf3 Rd4 41. Re4 Rd2 42. Re2 Rd4 43. Rc2 Rc4 44. Re2 e4+
45. Nxe4 Rxa4 46. Nxf6 Kxf6 47. Re6+ Kg7 48. Rg6+ Kh7 49. Rb6 Kg7 50. Ke3
Rf4 51. Rb3 Kf6 52. Kd3 a4 53. Ra3 h5 54. gxh5 Rh4 55. Kc3 Kxf5 56. h6
Rxh3+ 57. Kb4 Rxh6 58. Rxa4 Rh4+ 59. Ka5 Rxa4+ 60. Kxa4 g4 61. b4 g3 62. b5
g2 63. b6 g1=Q 64. Ka5 Qc5+ 65. Ka6 Qc8+ 66. Ka7 Qd7+ 67. b7 Ke5 68. Ka8
Qa4+ 69. Kb8 Kd6 70. Kc8 Qc6+ 71. Kb8 Kc5 72. Ka7 Qa4+ 73. Kb8 Kb6 74. Kc8
Qc4+ 75. Kb8 Qc7+ 76. Ka8 Qxb7# { White checkmated } 0-1

[Event "ICC tourney 2532 (25 5)"]
[Site "Internet Chess Club"]
[Date "2021.04.24"]
[Round "2"]
[White "EVANS, COOPER:K12-14988402"]
[Black "KARDAVA, DANIIL:K12-15961344"]
[Result "0-1"]
[ICCResult "White checkmated"]
[WhiteElo "511"]
[BlackElo "1226"]
[Opening "Scandinavian (center counter) defense"]
[ECO "B01"]
[NIC "VO.17"]
[Time "13:12:22"]
[PlyCount "150"]
[TimeControl "1500+5"]

1. e4 d5 2. exd5 Qxd5 3. Nf3 Bg4 4. Be2 Nf6 5. c4 Qe6 6. O-O c6 7. d3 Bxf3
8. Bxf3 g6 9. Re1 Qd7 10. Be3 Bg7 11. d4 O-O 12. Nc3 e6 13. Qb3 Rd8 14. Na4
Na6 15. Rad1 b6 16. Nc3 Rab8 17. Qa4 Qc8 18. Bxc6 Nb4 19. Bb5 a6 20. Qxb4
axb5 21. Nxb5 Bf8 22. Qc3 Qa6 23. Na3 Rdc8 24. b4 Nd5 25. Qb3 Nxb4 26. Bd2
Nc6 27. Nb5 Na5 28. Bxa5 Qxa5 29. Re5 Qb4 30. Na7 Rxc4 31. Qxb4 Bxb4 32.
Nb5 Ra8 33. Re2 Ra5 34. Rb2 Rxb5 35. a3 Kf8 36. Kf1 Rh5 37. Rxb4 Rxb4 38.
axb4 Rxh2 39. Kg1 Rh5 40. Rc1 Rd5 41. Rc6 Rb5 42. Rc4 Ke7 43. Kf1 Kd6 44.
Ke2 Rg5 45. g3 h5 46. Kf3 Rf5+ 47. Ke3 g5 48. f4 gxf4+ 49. gxf4 h4 50. Kf3
Kd5 51. Rc1 Kxd4 52. Rh1 Kc4 53. Rxh4 Kxb4 54. Rh1 b5 55. Re1 Kc3 56. Re3+
Kb4 57. Re4+ Ka3 58. Re3+ Ka4 59. Re4+ b4 60. Ke3 Ka3 61. Kd2 b3 62. Kc1
Rd5 63. Re1 f6 64. Rxe6 b2+ 65. Kc2 Rc5+ 66. Kd2 b1=Q 67. Ra6+ Kb4 68. Rb6+
Rb5 69. Rxf6 Qb2+ 70. Ke3 Qxf6 71. Ke4 Qf5+ 72. Kf3 Kc3 73. Ke3 Rb4 74. Ke2
Qxf4 75. Kd1 Qd2# { White checkmated } 0-1

[Event "ICC tourney 2532 (25 5)"]
[Site "Internet Chess Club"]
[Date "2021.04.24"]
[Round "2"]
[White "LEVKOV, DANIEL:K12-14218690"]
[Black "EISENMAN, KATHERINE:K12-15352585"]
[Result "1-0"]
[ICCResult "Black resigns"]
[WhiteElo "2159"]
[BlackElo "1557"]
[Opening "Sicilian defense"]
[ECO "B20"]
[NIC "SI.48"]
[Time "13:12:22"]
[PlyCount "153"]
[TimeControl "1500+5"]

1. e4 c5 2. b3 Nc6 3. Bb2 d6 4. f4 Nf6 5. d3 e5 6. fxe5 dxe5 7. Nf3 Bg4 8.
Be2 Bd6 9. O-O O-O 10. Nbd2 b5 11. Qe1 Nd4 12. Bd1 Qc7 13. c3 Ne6 14. Rc1
Nf4 15. Bc2 Rfd8 16. d4 cxd4 17. cxd4 Qb6 18. Kh1 exd4 19. Bxd4 Bc5 20.
Bxc5 Qxc5 21. e5 Qb6 22. exf6 Qxf6 23. Ne4 Qb6 24. Qh4 Bxf3 25. Rxf3 Ng6
26. Qh5 Rac8 27. Rff1 h6 28. b4 Qd4 29. Nc5 Qxb4 30. Bb3 Rf8 31. Nd7 Rxc1
32. Rxc1 Rd8 33. Qxg6 Qxb3 34. axb3 fxg6 35. Rc7 a6 36. h3 a5 37. Ne5 g5
38. Rc5 a4 39. Rxb5 axb3 40. Rxb3 Re8 41. Rb5 Kh7 42. Kh2 Re6 43. Kg3 Rf6
44. Rb3 Rf4 45. Nf3 Rf6 46. Rb4 Kg6 47. Ne5+ Kh7 48. Kg4 Rf2 49. g3 Rf6 50.
Nf3 Rf7 51. Rb6 g6 52. Nd4 Kg7 53. Rc6 Kh7 54. Ne6 Kg8 55. Rc8+ Kh7 56. Rc7
Rxc7 57. Nxc7 Kg7 58. Kf3 Kf6 59. Ke4 h5 60. g4 hxg4 61. hxg4 Kf7 62. Ke5
Ke7 63. Nd5+ Kf7 64. Kd6 Kg7 65. Ke7 Kh6 66. Kf6 Kh7 67. Kxg5 Kg7 68. Ne7
Kf7 69. Nxg6 Kg8 70. Ne5 Kf8 71. Kg6 Kg8 72. g5 Kh8 73. Kh6 Kg8 74. g6 Kh8
75. g7+ Kg8 76. Nd3 Kf7 77. Kh7 { Black resigns } 1-0

[Event "ICC tourney 2532 (25 5)"]
[Site "Internet Chess Club"]
[Date "2021.04.24"]
[Round "2"]
[White "STIG MELLODY, MARCUS:K12-14740377"]
[Black "OBEROI, SHELEV:K12-14961028"]
[Result "1-0"]
[ICCResult "Black resigns"]
[WhiteElo "1713"]
[BlackElo "2277"]
[Opening "King's Indian: Gligoric-Taimanov system"]
[ECO "E92"]
[NIC "KI.18"]
[Time "13:12:42"]
[PlyCount "225"]
[TimeControl "1500+5"]

1. d4 Nf6 2. c4 g6 3. Nc3 Bg7 4. e4 d6 5. Be2 O-O 6. Nf3 e5 7. Be3 exd4 8.
Bxd4 Nc6 9. Be3 Re8 10. Bd3 Bg4 11. h3 Bxf3 12. Qxf3 Nd7 13. O-O Bxc3 14.
bxc3 Nde5 15. Qe2 Nxd3 16. Qxd3 Qe7 17. f3 b6 18. Rfe1 Ne5 19. Qd5 Qe6 20.
Bf4 Qxd5 21. cxd5 Nd3 22. Bg3 Nxe1 23. Rxe1 f5 24. e5 dxe5 25. Bxe5 f4 26.
Re4 Re7 27. Bxf4 Rd7 28. c4 Kf7 29. Re6 b5 30. Rc6 bxc4 31. Rxc4 Rxd5 32.
Rxc7+ Ke6 33. Rxh7 Rd7 34. Rh6 Kf5 35. Be3 Rc8 36. Rh4 Rc3 37. Rf4+ Ke5 38.
Re4+ Kd5 39. Rd4+ Kc6 40. Rxd7 Kxd7 41. Bxa7 Ra3 42. Bc5 Rxa2 43. Kh2 Ke6
44. Be3 Re2 45. Bf4 Kf5 46. Kg3 Rc2 47. h4 Rc4 48. Bg5 Rd4 49. Kf2 Ra4 50.
Kg3 Ra2 51. Kh2 Ke5 52. Kg3 Ke6 53. Kh2 Rc2 54. Kg3 Rc4 55. Kh2 Kd5 56. Kg3
Kd4 57. Kh2 Kd3 58. f4 Ke4 59. g4 Rc2+ 60. Kg3 Rc3+ 61. Kg2 Ra3 62. h5 gxh5
63. gxh5 Kf5 64. h6 Kg6 65. Kf2 Rh3 66. Kg2 Rd3 67. Kf2 Rd7 68. Kg3 Kf5 69.
Kf2 Kg4 70. Ke3 Kf5 71. Kf2 Rd3 72. Ke2 Rh3 73. Kf2 Kg4 74. Kg2 Rh5 75. Kf2
Rh2+ 76. Ke3 Kf5 77. Kd4 Rh3 78. Kc5 Rd3 79. Kc4 Rd1 80. Kc5 Ke6 81. Kc4
Rd7 82. Kc5 Kf5 83. Kc6 Rd1 84. Kc5 Ke6 85. Kc4 Kf5 86. Kc3 Ra1 87. Kd4
Rd1+ 88. Kc5 Ke4 89. Kc6 Rd3 90. Kc5 Rh3 91. Kd6 Kf5 92. Ke7 Re3+ 93. Kf7
Rb3 94. h7 Rh3 95. Kg7 Ke6 96. h8=Q Rxh8 97. Kxh8 Kf7 98. Kh7 Kf8 99. Kg6
Kg8 100. f5 Kf8 101. Kf6 Kg8 102. Ke7 Kg7 103. f6+ Kg6 104. f7 Kxg5 105.
f8=Q Kg4 106. Qf6 Kg3 107. Qf5 Kg2 108. Qf4 Kh3 109. Qg5 Kh2 110. Kf6 Kh1
111. Kf5 Kh2 112. Kf4 Kh1 113. Kf3 { Black resigns } 1-0

[Event "ICC tourney 2532 (25 5)"]
[Site "Internet Chess Club"]
[Date "2021.04.24"]
[Round "2"]
[White "CHUNG, CHRISTOPHER:K12-16687538"]
[Black "KUNG, THOMAS:K12-14583075"]
[Result "1/2-1/2"]
[ICCResult "Game drawn by the 50 move rule"]
[WhiteElo "1732"]
[BlackElo "2293"]
[Opening "French: Burn variation"]
[ECO "C11"]
[NIC "FR.05"]
[Time "13:12:22"]
[PlyCount "336"]
[TimeControl "1500+5"]

1. e4 e6 2. d4 d5 3. Nc3 Nf6 4. Bg5 dxe4 5. Nxe4 Be7 6. Bxf6 gxf6 7. Nf3 f5
8. Nc3 a6 9. g3 b5 10. Bg2 Bb7 11. O-O O-O 12. Qd2 c5 13. Rad1 cxd4 14. Ne2
Bf6 15. Nexd4 Nc6 16. c3 Nxd4 17. Nxd4 Bxg2 18. Kxg2 Qd5+ 19. Kg1 Qxa2 20.
Qe2 Rfd8 21. Nc6 Rxd1 22. Rxd1 Rc8 23. Nb4 Qa5 24. Rd7 Qb6 25. Qh5 Rf8 26.
h4 a5 27. Nd3 Qc6 28. Ra7 b4 29. cxb4 axb4 30. b3 Qc3 31. Qd1 Qd4 32. Rb7
Qd5 33. Ra7 Bd4 34. Qd2 Bc3 35. Qg5+ Kh8 36. Nf4 Qxb3 37. Qh6 Kg8 38. Qg5+
Kh8 39. Rd7 Qa4 40. Rd8 Bg7 41. Rxf8+ Bxf8 42. Qf6+ Kg8 43. Qg5+ Bg7 44.
Nh5 Qa1+ 45. Kg2 Qd4 46. Nxg7 Qxg7 47. Qd8+ Qf8 48. Qb6 Qe7 49. Qb8+ Kg7
50. Qb6 Qf8 51. Kg1 h6 52. h5 Qe7 53. Kf1 Kh7 54. Ke2 Qf8 55. Qc7 Kg8 56.
Qb6 Qe7 57. Kd3 Qd7+ 58. Kc4 Qd2 59. Qb8+ Kh7 60. Qf8 Qc3+ 61. Kb5 Qf6 62.
Qxb4 Kg7 63. Kc6 Qg5 64. Qc3+ Kh7 65. Kd7 Qxh5 66. Ke7 Qg6 67. Qd4 Qg7 68.
Qh4 Kg6 69. f4 Kh7 70. Qh2 Kg8 71. Qh5 Qf8+ 72. Kd7 Kg7 73. g4 fxg4 74.
Qxg4+ Kh7 75. Qh5 Qg7 76. Ke7 Qg6 77. Qf3 h5 78. Qh3 Kg7 79. Qc3+ Kh7 80.
Qd4 Qf5 81. Kf8 Qg6 82. Qf2 Qg7+ 83. Ke7 Kg8 84. f5 exf5 85. Qxf5 Qg6 86.
Qc8+ Kh7 87. Qc7 h4 88. Qf4 Qe6+ 89. Kd8 Qd5+ 90. Kc7 Qc5+ 91. Kb7 Qe7+ 92.
Kb8 Kg6 93. Qg4+ Qg5 94. Qd4 h3 95. Qd3+ Qf5 96. Qg3+ Kh5 97. Kc7 f6 98.
Kb6 Qe6+ 99. Kb7 Qf5 100. Qe3 Qd5+ 101. Ka6 Qc4+ 102. Kb7 Qg4 103. Qe7 Qf3+
104. Ka7 Qf2+ 105. Ka6 h2 106. Qf7+ Kg4 107. Qg8+ Kf4 108. Qb8+ Ke3 109.
Qb3+ Ke2 110. Qb5+ Ke1 111. Qb1+ Kd2 112. Qb2+ Ke3 113. Qb6+ Kf3 114. Qxf6+
Kg2 115. Qg6+ Kf1 116. Qb1+ Qe1 117. Qf5+ Kg2 118. Qg4+ Qg3 119. Qe2+ Kg1
120. Qd1+ Kf2 121. Qd2+ Kf3 122. Qd3+ Kg4 123. Qg6+ Kh3 124. Qh5+ Kg2 125.
Qe2+ Qf2 126. Qg4+ Kh1 127. Qd1+ Kg2 128. Qg4+ Kf1 129. Qd1+ Qe1 130. Qf3+
Kg1 131. Qg4+ Kf2 132. Qf4+ Kg2 133. Qg5+ Qg3 134. Qd2+ Kf1 135. Qc1+ Ke2
136. Qc2+ Ke3 137. Qb3+ Kf4 138. Qc4+ Kf5 139. Qc8+ Kg5 140. Qg8+ Kf4 141.
Qf8+ Ke3 142. Qa3+ Kf2 143. Qa2+ Kg1 144. Qa1+ Kg2 145. Qa2+ Qf2 146. Qd5+
Kg1 147. Qg5+ Qg2 148. Qc5+ Kf1 149. Qc1+ Ke2 150. Qb2+ Kf3 151. Qb7+ Kf2
152. Qb2+ Kg1 153. Qd4+ Qf2 154. Qg7+ Kf1 155. Qa1+ Qe1 156. Qf6+ Kg1 157.
Qd4+ Kg2 158. Qg7+ Qg3 159. Qb2+ Kh3 160. Qh8+ Kg4 161. Qg7+ Kf4 162. Qc7+
Kf3 163. Qc3+ Kf2 164. Qc2+ Ke1 165. Qc1+ Ke2 166. Qc2+ Kf1 167. Qc1+ Kf2
168. Qc2+ Kg1 { Game drawn by the 50 move rule } 1/2-1/2

[Event "ICC tourney 2532 (25 5)"]
[Site "Internet Chess Club"]
[Date "2021.04.24"]
[Round "3"]
[White "IYER, AYUSH:K12-15543394"]
[Black "BALAJI, SOORYA:K12-16773233"]
[Result "1-0"]
[ICCResult "Black resigns"]
[WhiteElo "1369"]
[BlackElo "463"]
[Opening "Sicilian: closed"]
[ECO "B23"]
[NIC "SI.44"]
[Time "15:09:48"]
[PlyCount "45"]
[TimeControl "1500+5"]

1. e4 c5 2. Nc3 d6 3. Bc4 Nf6 4. Nf3 a6 5. a4 b5 6. axb5 Bg4 7. bxa6 e5 8.
Bb5+ Nbd7 9. h3 Bxf3 10. Qxf3 Be7 11. Nd5 Nxd5 12. exd5 O-O 13. O-O Nb6 14.
d3 Nd7 15. a7 Qb6 16. Bxd7 Rad8 17. Bc6 Kh8 18. a8=Q Rxa8 19. Rxa8 Rxa8 20.
Bxa8 Qa6 21. Bc6 Qa1 22. Qxf7 h6 23. Qxe7 { Black resigns } 1-0

[Event "ICC tourney 2532 (25 5)"]
[Site "Internet Chess Club"]
[Date "2021.04.24"]
[Round "3"]
[White "MICHAEL RODRIGUEZ, BRADLEY:K12-14653376"]
[Black "SMITH, JAMES:K12-17015408"]
[Result "1-0"]
[ICCResult "Black checkmated"]
[WhiteElo "1609"]
[BlackElo "879"]
[Opening "QGD: 4.Bg5 Be7"]
[ECO "D53"]
[NIC "QO.13"]
[Time "15:09:32"]
[PlyCount "31"]
[TimeControl "1500+5"]

1. d4 d5 2. c4 e6 3. Nc3 Nf6 4. Bg5 Be7 5. e3 h6 6. Bh4 g5 7. Bg3 Bb4 8.
Bd3 Nc6 9. Ne2 O-O 10. a3 Bxc3+ 11. Nxc3 Nh5 12. Qxh5 Kg7 13. h4 e5 14.
hxg5 hxg5 15. Qh6+ Kg8 16. Qh7# { Black checkmated } 1-0

[Event "ICC tourney 2532 (25 5)"]
[Site "Internet Chess Club"]
[Date "2021.04.24"]
[Round "3"]
[White "KOZINTSEV, DANIEL:K12-14508214"]
[Black "SHINDER, MICHAEL:K12-16269718"]
[Result "1-0"]
[ICCResult "Black resigns"]
[WhiteElo "755"]
[BlackElo "1571"]
[Opening "QGD Slav: 4.Nc3"]
[ECO "D15"]
[NIC "SL.03"]
[Time "15:10:10"]
[PlyCount "91"]
[TimeControl "1500+5"]

1. d4 d5 2. c4 c6 3. Nf3 Nf6 4. Nc3 Bf5 5. cxd5 cxd5 6. Qb3 Nbd7 7. Nxd5
Nb6 8. e4 Bxe4 9. Bb5+ Nfd7 10. Nxb6 Qxb6 11. Ne5 Bc6 12. Qxf7+ Kd8 13.
Nxc6+ bxc6 14. Be2 Qxd4 15. Be3 Qxb2 16. Rd1 Qf6 17. Qxf6 exf6 18. Bg4 Bb4+
19. Ke2 Ke8 20. Bxd7+ Kf7 21. Bxc6 Rac8 22. Ba4 f5 23. Rd7+ Kg6 24. Rhd1
Rhe8 25. R1d6+ Bxd6 26. Rxd6+ Kf7 27. Bxe8+ Rxe8 28. Kd3 g5 29. Rd7+ Re7
30. Rxe7+ Kxe7 31. Bxa7 Kf6 32. Bc5 Ke5 33. a4 Kd5 34. Bd4 Kc6 35. Kc4 h5
36. Bf6 g4 37. Bg5 Kd6 38. a5 Kc6 39. Kb4 Kb7 40. Kb5 Ka7 41. a6 Kb8 42.
Kb6 h4 43. Bxh4 f4 44. Kc5 f3 45. gxf3 gxf3 46. Kd4 { Black resigns } 1-0

[Event "ICC tourney 2532 (25 5)"]
[Site "Internet Chess Club"]
[Date "2021.04.24"]
[Round "3"]
[White "YORISH, MARK:K12-17264384"]
[Black "KOLAKALETI, SUSHEN:K12-15197630"]
[Result "1-0"]
[ICCResult "Black resigns"]
[WhiteElo "987"]
[BlackElo "1676"]
[Opening "Vienna game"]
[ECO "C28"]
[NIC "VG.02"]
[Time "15:10:44"]
[PlyCount "21"]
[TimeControl "1500+5"]

1. e4 e5 2. Nc3 Nf6 3. Bc4 Nc6 4. d3 Bc5 5. f4 d6 6. Nf3 Ng4 7. Ng5 O-O 8.
f5 h6 9. Qxg4 hxg5 10. Bxg5 Qe8 11. Bf6 { Black resigns } 1-0

[Event "ICC tourney 2532 (25 5)"]
[Site "Internet Chess Club"]
[Date "2021.04.24"]
[Round "3"]
[White "GARZA, AARON:K12-15086083"]
[Black "KIM, GUNN:K12-16270570"]
[Result "0-1"]
[ICCResult "White resigns"]
[WhiteElo "970"]
[BlackElo "1640"]
[Opening "Sicilian defense"]
[ECO "B20"]
[NIC "SI.48"]
[Time "15:09:15"]
[PlyCount "50"]
[TimeControl "1500+5"]

1. e4 c5 2. b3 b6 3. Bb2 Bb7 4. Nf3 Bxe4 5. Bb5 a6 6. Be2 Nf6 7. O-O e6 8.
Nc3 Bb7 9. Ne5 Qc7 10. Nxf7 Kxf7 11. Bh5+ g6 12. Be2 Bd6 13. g3 Qc6 14. Bf3
Qxf3 15. Qxf3 Bxf3 16. d3 Nc6 17. Ne4 Bxe4 18. dxe4 Be5 19. Bxe5 Nxe5 20.
f4 Neg4 21. e5 Ne4 22. h3 Ne3 23. Rfc1 Nxg3 24. Kf2 Ngf5 25. Re1 Nxc2 {
White resigns } 0-1

[Event "ICC tourney 2532 (25 5)"]
[Site "Internet Chess Club"]
[Date "2021.04.24"]
[Round "3"]
[White "PONNA, NIMAI:K12-15563890"]
[Black "M TERRIEN, THOMAS:K12-15697398"]
[Result "1-0"]
[ICCResult "Black checkmated"]
[WhiteElo "1535"]
[BlackElo "767"]
[Opening "Sicilian defense"]
[ECO "B33"]
[NIC "SI.34"]
[Time "15:10:11"]
[PlyCount "41"]
[TimeControl "1500+5"]

1. e4 c5 2. Nf3 Nc6 3. d4 cxd4 4. Nxd4 Nf6 5. Nc3 g6 6. Bg5 Bg7 7. Qd2 d6
8. O-O-O Nb4 9. a3 Nc6 10. Kb1 O-O 11. Bc4 Nxd4 12. Qxd4 Bg4 13. f3 Bd7 14.
h4 h5 15. Qe3 a6 16. e5 dxe5 17. Qxe5 Ng4 18. Qe4 Nf2 19. Qxg6 Nxh1 20. Bh6
Bf5 21. Qxg7# { Black checkmated } 1-0